 Dungeon Crawl Stone Soup version 0.29.1-1-gd02db6906a (webtiles) character file.

Game seed: 8669393715217555819

16 avis the Chiller (level 2, 0/20 HPs)
             Began as a Demigod Ice Elementalist on Oct 3, 2022.
             Slain by a quokka (4 damage)
             ... on level 2 of the Dungeon.
             The game lasted 00:03:45 (856 turns).

avis the Chiller (Demigod Ice Elementalist)          Turns: 856, Time: 00:03:47

Health: 0/20       AC:  2    Str:  9    XL:     2   Next: 24%
Magic:  7/7        EV: 12    Int: 17    God:
Gold:   49         SH:  0    Dex: 14    Spells: 4/5 levels left

rFire   . . .      SeeInvis .   a - +0 broad axe
rCold   . . .      Faith    .   (no shield)
rNeg    . . .      Spirit   .   d - +0 robe
rPois   .          Reflect  .   (no helmet)
rElec   .          Harm     .   (no cloak)
rCorr   .          Rampage  .   (no gloves)
Will    .....                   (no boots)
Stlth   ++........              (no amulet)
HPRegen 0.06/turn               (no ring)
MPRegen 0.10/turn               (no ring)

@: no status effects
A: high MP 1, forlorn, divine attributes
a: no special abilities


You were on level 2 of the Dungeon.
You visited 1 branch of the dungeon, and saw 2 of its levels.

You collected 49 gold pieces.

Inventory:

Hand Weapons
 a - a +0 broad axe (weapon)
 g - a +0 short sword
Missiles
 c - 6 boomerangs (quivered)
Armour
 d - a +0 robe (worn)
Scrolls
 f - a scroll of silence {unknown}
 l - a scroll of identify {unknown}
Potions
 b - a potion of magic
 e - a potion of lignification {unknown}
 h - 2 potions of flight {unknown}
 i - a potion of haste {unknown}
 j - a potion of heal wounds {unknown}
 k - a potion of curing {unknown}


   Skills:
 - Level 1.7 Dodging
 - Level 1.7 Stealth
 - Level 2.0 Spellcasting
 * Level 4.1 Ice Magic


You had 4 spell levels left.
You knew the following spells:

 Your Spells              Type           Power      Damage    Failure   Level
a - Freeze                Ice            60%        1d8       3%          1

Your spell library contained the following spells:

 Spells                   Type           Power      Damage    Failure   Level
 Frozen Ramparts          Ice            30%        1d5       11%         3
 Ozocubu's Armour         Ice            15%        N/A       11%         3
 Hailstorm                Conj/Ice       8%         3d4       63%         4


Dungeon Overview and Level Annotations

Branches:
Dungeon (2/15)

Annotations:
D:2 Natasha


Innate Abilities, Weirdness & Mutations

You have an increased reservoir of magic. (+10% MP)
You shall have no god before yourself.
Your divine heritage dramatically boosts your attributes as you level up.


Message History

There is a stone staircase leading up here.
l - a scroll labelled WAPHASTREFI Natasha, Servant of Life and Death comes into view.
She is carrying a wand of flame (11).
Found 20 gold pieces and a quarterstaff.
Found a faded altar of an unknown god.
Throw: 6 boomerangs
Press: ? - help, Q - select action, (/) - cycle Shift-Dir - straight line, f - Natasha
Aim: Natasha, carrying a wand of flame (11) (asleep, 98% to hit)
You throw a boomerang. The boomerang hits Natasha.
Natasha hisses angrily.
Natasha is lightly wounded.
A quokka comes into view.
Natasha mumbles some strange words.
You feel troubled.
Throw: 6 boomerangs
Press: ? - help, Q - select action, (/) - cycle Shift-Dir - straight line, f/p - Natasha
Aim: Natasha, carrying a wand of flame (11) (lightly wounded, 50% to hit)
You throw a boomerang. The boomerang closely misses Natasha.
Natasha mumbles some strange words.
Throw: 6 boomerangs
Press: ? - help, Q - select action, (/) - cycle Shift-Dir - straight line, f/p - Natasha
Aim: Natasha, carrying a wand of flame (11) (lightly wounded, 50% to hit)
You throw a boomerang. The boomerang closely misses Natasha.
Throw: 6 boomerangs
Press: ? - help, Q - select action, (/) - cycle Shift-Dir - straight line, f/p - Natasha
Aim: Natasha, carrying a wand of flame (11) (lightly wounded, 50% to hit)
You throw a boomerang. The boomerang barely misses Natasha.
Natasha zaps a wand.
The puff of flame hits you!
Ouch! That really hurt!
Throw: 6 boomerangs
Press: ? - help, Q - select action, (/) - cycle Shift-Dir - straight line, f/p - Natasha
Aim: Natasha, carrying a wand of flame (10) (lightly wounded, 50% to hit)
You throw a boomerang. The boomerang barely misses Natasha.
Throw: 6 boomerangs
Press: ? - help, Q - select action, (/) - cycle Shift-Dir - straight line, p - Natasha You throw a boomerang.
The boomerang barely misses Natasha.
The quokka barely misses you.
Natasha zaps a wand.
The puff of flame hits you.
* * * LOW HITPOINT WARNING * * *
The quokka bites you.
You die...

#....#...#
#......# #..<.#
#####....#
.........#
####.....#
.........#
..####....#
..###..#@#
#.....##.r.5..$.
#..... ##h._....
#....# ⌠..)...
####....#
#.#....
#.......# ....$.
#...<# ##....
###### ....


You could see an iron imp (summoned), Natasha and a quokka.

Vanquished Creatures
  A dart slug (D:1)
  An endoplasm (D:1)
  A giant cockroach (D:1)
  2 hobgoblins (D:1)
  A kobold (D:1)
  A quokka (D:1)
  A ball python (D:1)
  2 bats (D:1)
  4 rats (D:1)
14 creatures vanquished.

Notes
Turn   | Place    | Note
-------+----------+-------------------------------------------
     0 | D:1      | avis the Demigod Ice Elementalist began the quest for the
                  | Orb.
     0 | D:1      | Reached XP level 1. HP: 14/14 MP: 5/5
     3 | D:1      | Noticed an electric eel
     4 | D:1      | Noticed an electric eel
   417 | D:1      | Reached skill level 4 in Ice Magic
   418 | D:1      | Reached XP level 2. HP: 17/20 MP: 5/7
   850 | D:2      | Noticed Natasha
   856 | D:2      | Slain by a quokka

Illustrated notes

Levels and vault maps discovered:
D:1:      arrival_aquarium_b, layout_basic, st_stairs_2, grunt_decor_one_mirror,
          serial_bayou_lagoon_a
D:2:      layout_rooms, ebering_ecumenical_altar_abandoned, uniq_natasha,
          uniq_jessica, uniq_crazy_yiuf_cottage

Skill      XL: |  1 |
---------------+----+-----
Spellcasting   | 2 |  2.0
Ice Magic      | 4 |  4.1
Dodging        | |  1.7
Stealth        | |  1.7

Action                   || total
-------------------------++-------
Throw: Boomerang         ||    36
 Cast: Freeze            ||    10
Armor: Robe              ||     1
Dodge: Dodged            ||     7
